 Dungeon Crawl Stone Soup version 0.26.1-11-gd32895ea62 (webtiles) character file.

Game seed: 6514111374071579767

249 H0rd4k the Insei (level 6, -1/38 HPs)
             Began as an Octopode Transmuter on May 5, 2021.
             Slain by a goblin (2 damage)
             ... led by Robin
             ... on level 2 of the Dungeon.
             The game lasted 00:01:27 (2023 turns).

H0rd4k the Insei (Octopode Transmuter)              Turns: 2023, Time: 00:01:27

Health: -1/38      AC:  1    Str:  9    XL:     6   Next: 12%
Magic:  10/10      EV: 14    Int: 17    God:
Gold:   83         SH:  0    Dex: 13    Spells: 7/11 levels left

rFire    . . .     SeeInvis .     - Unarmed
rCold    . . .     Faith    .   (no shield)
rNeg     . . .     Spirit   .   (helmet restricted)
rPois    .         Reflect  .   (no amulet)
rElec    .         Harm     .   (no ring)
rCorr    .         Rampage  .   (no ring)
Will     .....                  (no ring)
Stlth    ++........             (no ring)
HPRegen  0.12/turn              (no ring)
MPRegen  0.12/turn              (no ring)
                                (no ring)
                                (no ring)

@: no status effects
A: almost no armour, stealthy swim, amphibious, 8 rings, constrict 8, camouflage
1, gelatinous body 1
a: no special abilities


You were on level 2 of the Dungeon.
You visited 1 branch of the dungeon, and saw 2 of its levels.

You collected 83 gold pieces.

Inventory:

Jewellery
 b - an uncursed amulet of guardian spirit {unknown}
 e - a cursed ring of attention {unknown}
Scrolls
 c - a scroll of amnesia {unknown}
 d - 2 scrolls of magic mapping {unknown}
 f - a scroll of identify {unknown}
 g - a scroll of teleportation {unknown}
 h - a scroll of enchant armour {unknown}
Potions
 a - 3 potions of curing {unknown}


   Skills:
 + Level 1.1 Fighting
 + Level 3.1 Dodging
 + Level 4.7 Unarmed Combat
 * Level 3.1 Spellcasting
 * Level 3.0 Transmutations
 + Level 1.1 Poison Magic


You had 7 spell levels left.
You knew the following spells:

 Your Spells              Type           Power        Failure   Level
a - Beastly Appendage     Tmut           26%          4%          1
b - Spider Form           Tmut/Pois      4%           22%         3

Your spell library contained the following spells:

 Spells                   Type           Power        Failure   Level
 Wereblood                Tmut           13%          8%          2
 Ice Form                 Ice/Tmut       7%           67%         4
 Blade Hands              Tmut           6%           80%         5


Dungeon Overview and Level Annotations

Branches:
Dungeon (2/15)

Altars:


Innate Abilities, Weirdness & Mutations

You cannot wear most types of armour.
You are very stealthy in the water. (Stealth+)
You are amphibious.
You can wear up to eight rings at the same time.
You can use your tentacles to constrict eight enemies at once.
Your skin changes colour to match your surroundings (Stealth+).
Your rubbery body absorbs attacks. (AC +1, EV +1)


Message History

You see here a stone.
The goblin hits you but does no damage.
You closely miss the goblin. Your grab misses the goblin.
The goblin shoots a stone.
The stone misses you.
The stone barely misses the goblin.
The goblin closely misses you. The goblin hits you.
* * * LOW HITPOINT WARNING * * *
You tentacle-slap the goblin but do no damage.
Your grab misses the goblin.
The goblin shoots a stone.
The stone hits you.
* * * LOW HITPOINT WARNING * * *
The goblin misses you. The goblin hits you but does no damage.
You closely miss the goblin. Your grab misses the goblin.
The goblin barely misses you. x2
You closely miss the goblin. Your grab misses the goblin. The goblin hits you.
* * * LOW HITPOINT WARNING * * *
The goblin unwields a +0 hunting sling.
The goblin barely misses you. The goblin hits you.
* * * LOW HITPOINT WARNING * * *
The goblin hits you.
You die...

#.# #. #.# ######. ##+##
#...##. ##...## #......
##.....## #...###
##.......####.#.##
...####...).....###....#
......'ggg)).(..).......
..####@..†....†###.....
##.......## ###.##
##.....## #### ##...## #
##+## # # # # ##. #
g##...###########


You could see 3 goblins.

Vanquished Creatures
  Sigmund (D:2)
  A hound (D:2)
  Robin (D:2)
  3 dart slugs (D:1)
  2 bats (D:1)
  4 giant cockroaches
  7 goblins
  9 hobgoblins
  2 jackals (D:1)
  5 kobolds
  2 frilled lizards (D:1)
  6 rats (D:1)
43 creatures vanquished.

Notes
Turn   | Place    | Note
-------+----------+-------------------------------------------
     0 | D:1      | H0rd4k the Octopode Transmuter began the quest for the Orb.
     0 | D:1      | Reached XP level 1. HP: 13/13 MP: 3/3
   284 | D:1      | Reached XP level 2. HP: 15/18 MP: 5/5
   948 | D:1      | Reached XP level 3. HP: 22/23 MP: 6/6
   952 | D:1      | Learned a level 3 spell: Spider Form
  1748 | D:2      | Noticed Robin
  1750 | D:2      | Reached skill level 1 in Poison Magic
  1750 | D:2      | Reached XP level 4. HP: 22/28 MP: 7/7
  1930 | D:2      | Noticed Sigmund
  1946 | D:2      | Killed Sigmund
  1947 | D:2      | Reached skill level 4 in Unarmed Combat
  1947 | D:2      | Reached XP level 5. HP: 31/33 MP: 4/9
  1947 | D:2      | Reached XP level 6. HP: 36/38 MP: 4/10
  1997 | D:2      | Killed Robin
  2022 | D:2      | HP: 1/38 [goblin (4)]
  2023 | D:2      | Slain by a goblin

Illustrated notes

Levels and vault maps discovered:
D:1:      tarquinn_simple_flora_water_e, layout_basic, minmay_tetromino_o4
D:2:      layout_loops_corners, uniq_jessica, uniq_sigmund, uniq_robin

Skill      XL: |  1  2  3  4  5  6 |
---------------+-------------------+-----
Poison Magic   | 1 |  1.1
Dodging        | 3 |  3.1
Unarmed Combat | 4 |  4.7
Transmutations | 3 |  3.0
Spellcasting   | 3 |  3.1
Fighting       | |  1.1

Action                   |  1- 3 |  4- 6 || total
-------------------------+-------+-------++-------
Melee: Unarmed           |    65 |    45 ||   110
       Constrict         |    20 |     9 ||    29
       Tentacles         |    14 |     6 ||    20
       Punch             |     1 |     1 ||     2
 Cast: Spider Form       |       |     1 ||     1
 Stab: Sleeping          |     6 |       ||     6
Armor: Skin              |     4 |     4 ||     8
Dodge: Dodged            |    35 |    40 ||    75
